Map: Catalyst LE

Players

IpwnU

  • Race: Protoss Protoss
  • Spawn Location: 11:00

CinDra - Winner!

  • Race: Terran Terran
  • League: Gold
  • Spawn Location: 5:00

VOD

Have the link to the VOD?

Description

Time

  • Played on: March 13, 2018, 2:57 p.m.
  • Length: 15:26
Show
View Real Time Build Order
Export as new Build Order

IpwnU Protoss 

Build Orders:  

Get SALT Encoding   

  12  0:03  Probe  
  13  0:14  Assimilator  
  13  0:19  Probe  
  14  0:31  Probe  
  15  0:54  Pylon  
  15  1:10  Pylon  
  15  1:12  Probe  
  15  1:14  Gateway  
  16  1:25  Assimilator, Probe  
  17  1:33  Gateway  
  17  1:37  Probe  
  18  1:51  Pylon  
  18  1:55  Gateway  
  18  2:02  Pylon  
  18  2:09  Pylon  
  18  2:11  Probe (Chrono Boost)  
  20  2:23  Probe (Chrono Boost)  
  20  2:28  Probe (Chrono Boost)  
  21  2:32  Cybernetics Core  
  21  2:38  Zealot x2  
  25  2:54  Forge  
  23  3:34  Probe  
  24  3:46  Probe  
  25  3:52  Nexus  
  25  3:55  Pylon  
  25  3:57  Stalker x3  
  25  3:58  Probe  
  32  4:25  Assimilator  
  32  4:27  Zealot x2, Sentry, Assimilator  
  38  4:58  Photon Cannon  
  38  5:01  Photon Cannon  
  38  5:02  Warp Gate  
  38  5:06  Protoss Ground Weapons Level 1  
  38  5:12  Photon Cannon  
  38  5:15  Photon Cannon  
  38  5:22  Photon Cannon  
  38  5:27  Pylon  
  38  5:30  Probe (Chrono Boost)  
  40  5:38  Probe (Chrono Boost)  
  40  5:48  Probe (Chrono Boost)  
  41  5:57  Probe  
  41  5:58  Probe  
  43  6:07  Stalker x2  
  43  6:10  Probe  
  48  6:22  Probe, Twilight Council  
  49  6:28  Stalker  
  51  6:37  Adept  
  51  6:38  Sentry  
  55  6:49  Pylon  
  55  6:52  Gateway  
  55  6:56  Protoss Air Armor Level 1  
  55  7:03  Photon Cannon  
  55  7:06  Photon Cannon  
  55  7:11  Photon Cannon  
  55  7:13  Twilight Council  
  55  7:17  Blink  
  55  7:21  Probe (Chrono Boost)  
  57  7:31  Probe (Chrono Boost)  
  57  7:33  Zealot  
  57  7:36  Probe (Chrono Boost)  
  60  8:00  Zealot  
  62  8:17  Nexus  
  62  8:22  Stalker  
  62  8:23  Stalker  
  62  8:25  Stalker  
  66  8:55  Stalker x2  
  68  8:56  Stalker  
  72  9:16  Photon Cannon  
  72  9:20  Pylon  
  72  9:29  Robotics Facility  
  72  9:40  Stargate  
  72  9:45  Stargate  
  72  9:55  Pylon  
  72  9:58  Pylon  
  72  10:05  Photon Cannon  
  72  10:19  Stalker  
  74  10:22  Stalker  
  76  10:42  Void Ray  
  76  10:43  Void Ray  
  75  11:02  Stalker  
  58  11:25  Phoenix  
  58  11:26  Phoenix  
  56  11:47  Probe (Chrono Boost)  
  56  11:51  Oracle  
  60  11:59  Probe (Chrono Boost)  
  61  12:23  Probe  
  62  12:41  Probe  
  63  13:05  Stalker  
  66  13:12  Probe (Chrono Boost)  
  66  13:22  Probe (Chrono Boost)  
  67  13:27  Probe (Chrono Boost)  
  67  13:30  Pylon  
  68  13:35  Pylon  
  68  13:37  Probe (Chrono Boost)  
  70  13:43  Probe (Chrono Boost)  
  70  13:47  Probe x2 (Chrono Boost)  
  72  13:51  Probe (Chrono Boost)  
  65  14:08  Adept x2  
  65  14:09  Adept  
  34  14:46  Stalker  
  28  14:59  Zealot  
  30  15:00  Zealot  
Show
View Real Time Build Order
Export as new Build Order

CinDra Terran - Winner!

Build Orders: Reaper Expand 

Get SALT Encoding   

  12  0:01  SCV  
  13  0:14  SCV  
  14  0:24  Supply Depot  
  14  0:26  SCV  
  15  0:46  SCV  
  15  0:49  Barracks  
  16  0:53  Refinery  
  16  0:58  SCV  
  17  1:10  SCV  
  18  1:18  Supply Depot  
  18  1:22  SCV  
  19  1:35  Orbital Command  
  19  1:38  Reaper  
  20  1:51  Command Center  
  20  2:03  SCV  
  21  2:15  Barracks Reactor, SCV  
  22  2:29  SCV  
  23  2:33  Refinery  
  23  2:41  SCV  
  24  2:53  SCV  
  25  3:26  SCV x2  
  26  3:49  Marine x2  
  26  3:55  SCV x2  
  30  3:57  Factory  
  30  4:14  Marine x2  
  32  4:25  Supply Depot  
  32  4:28  SCV  
  32  4:29  SCV  
  34  4:44  Engineering Bay  
  34  4:47  Starport  
  34  4:48  Factory Reactor  
  34  4:49  Marine x2  
  36  5:05  SCV  
  38  5:07  Orbital Command  
  37  5:19  Marine x2  
  39  5:26  Barracks  
  39  5:36  Factory Tech Lab  
  39  5:38  SCV x2  
  41  5:44  Medivac x2  
  41  5:49  Terran Infantry Weapons Level 1  
  45  5:57  Engineering Bay  
  45  6:02  Command Center  
  45  6:08  Barracks, Siege Tank  
  45  6:10  Marine  
  45  6:11  Marine  
  50  6:20  SCV x2  
  52  6:28  Marine x2  
  52  6:29  Barracks Reactor  
  54  6:34  Barracks  
  54  6:47  Supply Depot  
  54  6:50  Supply Depot  
  54  6:51  Liberator x2  
  54  6:56  Barracks  
  62  7:08  SCV x2  
  62  7:16  Barracks Reactor  
  62  7:19  Terran Infantry Armor Level 1  
  62  7:23  Orbital Command  
  62  7:30  SCV x2  
  62  7:33  Marine x2  
  62  7:34  Marine x2  
  72  7:37  Siege Tank  
  72  7:39  Barracks Reactor  
  71  7:51  Marine  
  71  7:54  Orbital Command  
  72  8:05  Barracks Tech Lab  
  72  8:14  Supply Depot  
  69  8:37  Supply Depot  
  66  8:49  SCV x3  
  57  9:19  Stimpack  
  57  9:37  SCV x2  
  57  9:38  SCV  
  60  9:48  Marine x2  
  60  9:49  Marine x4  
  60  9:50  Armory, Marine  
  67  9:52  Marine  
  67  9:56  Siege Tank  
  67  9:59  Marauder  
  73  10:03  Medivac x2  
  73  10:06  Marine x2  
  73  10:07  Marine x3  
  82  10:18  SCV  
  82  10:19  SCV  
  84  10:32  Barracks  
  84  10:34  Barracks  
  84  11:09  Marine x2  
  84  11:10  Marine x3  
  84  11:11  Marine x2  
  90  11:13  Marauder  
  90  11:14  Medivac, Siege Tank  
  90  11:15  Medivac  
  100  11:19  Combat Shields  
  100  11:20  Barracks  
  100  11:23  Barracks  
  97  11:56  Marine x4  
  101  12:03  Supply Depot  
  101  12:06  Supply Depot  
  101  12:07  Supply Depot  
  101  12:08  Marine x3  
  101  12:10  Barracks, Supply Depot  
  101  12:16  Terran Vehicle Weapons Level 1  
  101  12:19  Terran Infantry Weapons Level 2, Terran Infantry Armor Level 2  
  101  12:24  Marine x4  
  101  12:26  Marine x4  
  101  12:27  Marine  
  110  12:30  Siege Tank  
  110  12:36  Refinery  
  113  12:37  Refinery  
  113  12:40  SCV x3  
  113  12:42  Marine x4  
  120  12:44  Marine x4  
  120  12:45  Marine  
  125  12:52  SCV x3  
  128  13:00  Marine x4  
  128  13:02  Marine  
  128  13:05  Refinery  
  133  13:08  Refinery  
  133  13:11  Supply Depot  
  133  13:12  Supply Depot  
  133  13:15  Supply Depot  
  133  13:32  Marine x5  
  133  13:33  Siege Tank, Marine x4  
  145  13:50  Marine x2  
  145  13:51  Marine x2  
  145  13:55  Marine x2  
  149  13:56  Marine x3  
  154  14:08  Marine x2  
  154  14:09  Marine  
  157  14:34  Marine  
  149  14:48  Marine x4  
  149  14:49  Marine x4  
  157  15:03  Supply Depot  
  157  15:04  Supply Depot  
  157  15:07  Supply Depot  
  157  15:08  Supply Depot  
Tags
 
League
Gold
Matchup
PvT
Spawn Locations
Cross Positions
Add a new tag
Caveats
  • Supply blocks, unpowered buildings, or Contaminate may cause inaccurate times.
  • Supply counts are checked every 10 seconds.